Map: Золотые столпы РВ

Players

VortiX

  • Race: Zerg Zerg
  • Spawn Location: 1:00

Kas - Winner!

  • Race: Terran Terran
  • Spawn Location: 7:00

Event: DreamHack SC2 Masters 2020 Winter

VOD

Have the link to the VOD?

Description

Time

  • Played on: Oct. 16, 2020, 1:52 p.m.
  • Length: 13:20

All games in this series

Show
View Real Time Build Order
Export as new Build Order

VortiX Zerg 

Build Orders: Hatch First 

Get SALT Encoding   

  12  0:00  Drone  
  13  0:12  Overlord  
  13  0:17  Drone  
  14  0:30  Drone x2  
  16  0:50  Hatchery  
  16  0:54  Drone  
  16  0:57  Drone  
  16  1:03  Drone  
  18  1:11  Extractor  
  17  1:18  Spawning Pool  
  17  1:21  Drone  
  17  1:24  Drone  
  18  1:28  Drone  
  19  1:39  Drone  
  20  1:48  Overlord  
  20  2:06  Queen x2  
  20  2:07  Zergling x4  
  26  2:12  Drone  
  26  2:15  Metabolic Boost  
  27  2:16  Drone  
  27  2:22  Drone  
  29  2:30  Spore Crawler  
  29  2:31  Drone  
  30  2:37  Drone  
  30  2:38  Drone  
  30  2:42  Queen  
  34  2:52  Extractor  
  34  3:00  Hatchery  
  32  3:06  Drone x2  
  32  3:09  Overlord  
  32  3:10  Drone  
  35  3:17  Drone, Extractor  
  35  3:19  Overlord  
  36  3:27  Queen  
  36  3:32  Zergling x6  
  41  3:35  Drone x2  
  41  3:37  Overlord  
  43  3:42  Drone x2  
  45  3:52  Zergling x2, Overlord  
  45  3:53  Zergling x8  
  45  3:54  Drone  
  51  4:00  Drone  
  52  4:03  Queen  
  52  4:08  Overlord, Drone  
  55  4:13  Drone  
  55  4:14  Queen, Drone  
  59  4:19  Drone  
  59  4:22  Drone  
  59  4:28  Zergling x8  
  63  4:32  Overlord  
  63  4:35  Drone x4  
  63  4:36  Drone  
  68  4:45  Spore Crawler, Drone  
  69  4:47  Drone  
  69  4:48  Drone  
  69  4:52  Extractor  
  69  4:53  Extractor  
  69  4:55  Overlord, Drone  
  69  4:57  Drone  
  69  4:58  Lair  
  70  5:02  Evolution Chamber  
  70  5:03  Drone  
  70  5:05  Evolution Chamber  
  69  5:08  Drone x5  
  69  5:09  Drone x2  
  76  5:16  Overlord  
  76  5:26  Zergling x2  
  76  5:27  Zergling x8  
  70  5:37  Overlord  
  70  5:38  Drone x8  
  76  5:43  Roach Warren  
  76  5:48  Zerg Missile Weapons Level 1  
  75  5:52  Zerg Ground Armor Level 1  
  75  5:53  Drone x3  
  75  5:56  Drone  
  79  6:02  Drone x2  
  79  6:03  Extractor  
  80  6:05  Extractor  
  80  6:08  Hatchery, Drone x2  
  80  6:10  Drone  
  81  6:12  Drone  
  81  6:14  Drone, Extractor  
  81  6:15  Drone x2  
  81  6:17  Drone x2  
  86  6:18  Drone  
  86  6:22  Glial Reconstitution  
  86  6:24  Overlord  
  87  6:28  Overlord x2  
  87  6:32  Overlord  
  87  6:39  Roach x5  
  95  6:43  Overlord  
  95  6:44  Roach  
  97  6:47  Roach x2  
  97  6:52  Roach x3  
  107  6:55  Roach  
  107  6:57  Roach x2  
  107  6:58  Roach  
  117  7:01  Roach  
  117  7:06  Roach x2  
  120  7:09  Ravager x2  
  120  7:10  Overlord, Ravager x3  
  120  7:12  Roach  
  129  7:15  Roach  
  129  7:19  Overlord  
  129  7:20  Roach  
  129  7:21  Roach x3  
  139  7:22  Roach  
  139  7:26  Roach x2  
  139  7:27  Ravager  
  144  7:33  Roach x4  
  152  7:39  Roach x2  
  152  7:43  Overlord  
  156  7:45  Roach x4  
  156  7:50  Roach  
  165  7:54  Roach x2  
  165  7:58  Roach x3  
  175  8:00  Overlord  
  175  8:02  Zerg Missile Weapons Level 2  
  174  8:12  Roach x6  
  168  8:16  Drone  
  168  8:17  Drone x4  
  159  8:21  Infestation Pit  
  159  8:24  Drone x4  
  159  8:26  Overseer  
  162  8:30  Ravager  
  162  8:31  Ravager  
  162  8:33  Drone  
  162  8:34  Drone x2  
  167  8:36  Extractor x2  
  167  8:37  Drone x2  
  167  8:38  Drone  
  168  8:49  Overlord x3  
  168  8:51  Roach x3  
  168  8:52  Zerg Ground Armor Level 2  
  174  9:01  Pathogen Glands  
  174  9:04  Hive  
  169  9:26  Infestor  
  169  9:27  Infestor x2  
  172  9:33  Roach  
  172  9:34  Roach  
  169  9:40  Drone x13  
  180  9:46  Infestor  
  180  9:48  Hatchery  
  180  9:49  Ravager, Roach x3  
  180  9:52  Ravager  
  189  9:55  Ravager  
  189  9:56  Ravager x2  
  189  9:59  Ravager  
  193  10:14  Roach  
  193  10:15  Roach x2  
  193  10:18  Zerg Melee Weapons Level 1  
  193  10:20  Ultralisk Cavern  
  194  10:32  Roach  
  194  10:33  Roach x14  
  177  10:37  Roach x3  
  177  10:38  Roach  
  177  10:39  Zergling x12  
  188  10:48  Roach x9  
  179  11:02  Adrenal Glands  
  177  11:07  Chitinous Plating  
  177  11:09  Zergling x4  
  177  11:10  Zergling x4  
  177  11:11  Zergling x2  
  182  11:14  Hatchery  
  180  11:21  Extractor  
  180  11:22  Zergling x8  
  180  11:23  Ultralisk, Extractor  
  168  11:33  Zergling x10, Ultralisk  
  179  11:41  Drone x3  
  179  11:42  Drone x3  
  185  11:47  Zergling x4, Ultralisk  
  193  12:01  Zergling x6, Ultralisk  
  197  12:23  Zergling x2  
  197  12:24  Zergling x8  
  197  12:26  Anabolic Synthesis  
  183  12:31  Zergling x24  
  146  12:38  Zergling x12, Ultralisk  
  151  12:45  Zergling x2  
  151  12:46  Zergling x2  
  155  12:54  Zergling x6  
  143  13:02  Zergling x2  
Show
View Real Time Build Order
Export as new Build Order

Kas Terran - Winner!

Build Orders: Liberator Opening, Reaper Expand 

Get SALT Encoding   

  12  0:00  SCV  
  13  0:12  SCV  
  14  0:18  Supply Depot  
  14  0:24  SCV  
  15  0:39  SCV  
  15  0:41  Barracks  
  16  0:45  Refinery  
  16  0:51  SCV  
  17  1:03  SCV  
  18  1:15  SCV  
  19  1:28  Reaper, Orbital Command  
  20  1:43  Command Center  
  20  1:54  SCV  
  20  1:56  Supply Depot  
  20  2:00  Marine  
  22  2:06  SCV  
  23  2:18  SCV  
  23  2:21  Barracks Reactor, Factory  
  24  2:32  SCV  
  25  2:44  SCV  
  26  2:45  Command Center  
  26  2:56  SCV  
  26  2:57  Orbital Command  
  27  3:08  Starport  
  27  3:12  SCV  
  28  3:16  Refinery  
  28  3:23  SCV  
  28  3:26  Hellion x2  
  33  3:31  SCV  
  33  3:34  Marine  
  35  3:35  SCV  
  36  3:43  SCV  
  36  3:48  SCV, Liberator  
  40  3:50  Hellion x2  
  40  3:55  SCV  
  45  3:58  Orbital Command  
  45  4:00  SCV  
  45  4:01  Barracks Tech Lab  
  46  4:06  Supply Depot  
  46  4:07  SCV  
  47  4:14  SCV  
  47  4:15  Hellion x2  
  52  4:23  SCV  
  53  4:24  Marine  
  53  4:25  Stimpack  
  53  4:26  SCV x2  
  53  4:30  Supply Depot  
  56  4:36  SCV  
  56  4:38  SCV  
  58  4:41  Hellion x2  
  58  4:42  SCV, Starport Reactor, Marine  
  64  4:48  SCV  
  64  4:50  SCV  
  66  4:55  SCV, Barracks  
  66  4:58  Supply Depot  
  67  5:00  SCV, Marine  
  67  5:03  Engineering Bay  
  67  5:04  SCV  
  67  5:06  Engineering Bay  
  70  5:10  Barracks  
  70  5:11  SCV  
  70  5:12  Factory Tech Lab  
  71  5:17  Supply Depot  
  71  5:18  Marine  
  72  5:21  Supply Depot  
  72  5:23  SCV  
  70  5:32  Starport Reactor  
  70  5:34  SCV x2  
  68  5:38  SCV  
  68  5:39  Terran Infantry Weapons Level 1, Terran Infantry Armor Level 1  
  67  5:43  Refinery x2  
  67  5:46  SCV  
  67  5:47  Siege Tank  
  67  5:48  Barracks x2  
  67  5:49  Orbital Command  
  72  5:50  SCV  
  72  5:53  Marine x2  
  72  5:54  Marine  
  75  5:58  SCV  
  75  5:59  Marine x2  
  75  6:03  SCV  
  79  6:07  Supply Depot  
  79  6:09  Combat Shield  
  79  6:10  SCV  
  82  6:11  Marine x3  
  82  6:15  SCV x2, Supply Depot  
  82  6:17  Marine  
  86  6:20  Marine  
  86  6:21  Medivac  
  86  6:22  SCV, Medivac  
  92  6:27  SCV x2, Supply Depot  
  92  6:28  Bunker  
  92  6:29  Marine  
  95  6:34  SCV  
  95  6:35  Marine x2  
  95  6:37  Barracks Reactor x2  
  95  6:39  SCV, Marine, Siege Tank  
  98  6:40  Marine  
  98  6:41  SCV  
  98  6:45  Supply Depot  
  98  6:46  SCV  
  102  6:51  SCV  
  102  6:53  SCV, Armory  
  104  6:56  Marine x3  
  104  6:57  Marine x2  
  104  6:58  SCV  
  104  7:01  Supply Depot x2  
  110  7:03  SCV  
  110  7:05  SCV  
  112  7:10  Medivac  
  112  7:13  Medivac  
  112  7:14  Marine x3  
  112  7:15  Marine x2  
  121  7:23  Factory  
  121  7:26  Supply Depot, Bunker x2, Refinery, Marine  
  121  7:27  Refinery  
  121  7:28  Siege Tank  
  121  7:29  Marine x2  
  127  7:31  Marine  
  127  7:32  Marine x2  
  127  7:35  Marine x2  
  132  7:39  Marine  
  133  7:44  Marine  
  133  7:47  Marine x2  
  133  7:48  Marine, Terran Infantry Weapons Level 2  
  133  7:49  Marine  
  133  7:50  Marine  
  139  7:52  Supply Depot  
  139  7:53  Marine x2  
  139  7:56  Marine  
  142  7:58  Command Center, Sensor Tower  
  142  8:02  Supply Depot, Marine  
  142  8:05  Terran Infantry Armor Level 2  
  141  8:18  Marine x4  
  141  8:19  Factory Tech Lab, Siege Tank  
  137  8:20  Marine  
  137  8:21  Supply Depot  
  138  8:30  Marine  
  138  8:31  Marine x3  
  142  8:35  Medivac x2  
  142  8:37  Supply Depot x2  
  142  8:38  Supply Depot  
  142  8:40  Siege Tank  
  149  8:42  Marine  
  149  8:43  Marine  
  149  8:45  Marine  
  152  8:49  Marine  
  152  8:51  Marine x2, Siege Tank  
  152  8:52  Marine  
  159  8:56  Marine  
  159  8:59  Supply Depot  
  159  9:00  Supply Depot, Marine x2  
  162  9:06  Marine x2  
  162  9:07  Marine  
  165  9:12  Siege Tank  
  163  9:17  Marine  
  163  9:18  Marine x2  
  166  9:25  Marine  
  166  9:26  Marine  
  166  9:28  Marine x3  
  166  9:30  Marine  
  172  9:35  Marine  
  165  9:47  Marine x7  
  165  9:48  Marine, Siege Tank x2  
  165  9:51  Barracks  
  165  9:52  Planetary Fortress  
  179  9:53  Marine, Barracks x2  
  179  9:59  Medivac x2  
  184  10:05  Marine  
  184  10:06  Marine x2  
  187  10:08  Marine x2  
  189  10:16  Marine  
  189  10:18  Terran Infantry Weapons Level 3  
  189  10:19  Terran Vehicle Weapons Level 1  
  189  10:20  Siege Tank  
  189  10:21  Siege Tank  
  196  10:23  Terran Infantry Armor Level 3  
  175  10:39  Marine  
  175  10:40  Marauder, Barracks Tech Lab  
  175  10:41  Barracks Tech Lab  
  174  10:48  Medivac x2  
  174  10:49  Marine  
  166  10:51  Barracks Tech Lab  
  166  10:54  Marine x3  
  166  10:56  Siege Tank  
  166  10:57  Command Center, Marine  
  166  11:01  Marauder  
  162  11:07  Siege Tank  
  162  11:08  Marauder  
  167  11:11  SCV x3  
  167  11:12  SCV  
  167  11:17  Marauder  
  172  11:22  Marauder  
  164  11:26  Marauder, Marine x3  
  164  11:28  Marine, Siege Tank  
  164  11:29  Marauder  
  168  11:37  Marine x3  
  168  11:39  Marauder, Siege Tank  
  176  11:42  Medivac x2  
  176  11:44  Marauder  
  176  11:46  SCV  
  176  11:47  SCV, Marauder, Barracks  
  183  11:48  Barracks x2  
  183  11:53  Marauder, Marine x5  
  193  11:55  Marine x3  
  193  12:00  Marauder  
  195  12:03  Siege Tank  
  195  12:05  Concussive Shells, Marine  
  199  12:08  Marine  
  200  12:29  Marauder x3, Marine x2  
  185  12:30  Siege Tank  
  185  12:35  Siege Tank  
  169  12:38  Marauder, Marine x9  
  183  12:46  Refinery  
  183  12:47  Refinery, Marine  
  183  12:50  Marauder  
  171  12:58  Marauder  
  171  12:59  Marauder, Barracks Tech Lab x3  
Tags
 
Add a new tag
Caveats
  • Supply blocks, unpowered buildings, or Contaminate may cause inaccurate times.
  • Supply counts are checked every 10 seconds.